 Dungeon Crawl Stone Soup version 0.30-a0-726-gd89dcf765f (webtiles) character file.

Game seed: 8878155192097296066

22 junb69 the Insei (level 2, -1/18 HPs)
             Began as an Octopode Transmuter on Jan 29, 2023.
             Slain by a goblin
             ... wielding a +0 dagger
              (3 damage)
             ... on level 2 of the Dungeon.
             The game lasted 00:03:24 (906 turns).

junb69 the Insei (Octopode Transmuter)               Turns: 906, Time: 00:03:25

Health: -1/18      AC:  1    Str:  9    XL:     2   Next: 91%
Magic:  5/5        EV: 13    Int: 15    God:
Gold:   10         SH:  0    Dex: 12    Spells: 2/5 levels left

rFire   + . .      SeeInvis .      - Unarmed
rCold   + . .      Faith    .    (no shield)
rNeg    . . .      Spirit   .    (helmet restricted)
rPois   +          Reflect  .    (no amulet)
rElec   +          Harm     .    (no ring)
rCorr   +          Rampage  .    (no ring)
Will    .....                    (no ring)
Stlth   ++                       (no ring)
HPRegen 0.23/turn                (no ring)
MPRegen 0.09/turn                (no ring)
                                 (no ring)
                                 (no ring)

@: brilliant, resistant
A: almost no armour, amphibious, 8 rings, camouflage 1, gelatinous body 1,
(nimble swimmer 1), tentacles
a: no special abilities


You were on level 2 of the Dungeon.
You visited 1 branch of the dungeon, and saw 2 of its levels.

You collected 10 gold pieces.

Inventory:

Scrolls
 c - 2 scrolls of identify {unknown}
 e - a scroll of magic mapping {unknown}
Potions
 a - 2 potions of lignification
 d - a potion of mutation {unknown}


   Skills:
 - Level 1.0 Fighting
 - Level 2.0 Dodging
 * Level 4.0 Unarmed Combat
 - Level 2.0 Spellcasting
 - Level 2.0 Transmutations


You had 2 spell levels left.
You knew the following spells:

 Your Spells              Type           Power      Damage    Failure   Level
a - Beastly Appendage     Tmut           22%        N/A       10%         1
b - Call Imp              Summ           2%         N/A       32%         2

Your spell library contained the following spells:

 Spells                   Type           Power      Damage    Failure   Level
 Wereblood                Tmut           11%        N/A       14%         2
 Magic Dart               Conj           8%         1d3       22%         1
 Spider Form              Tmut/Pois      6%         N/A       41%         3
 Mephitic Cloud           Conj/Pois/Air  2%         N/A       54%         3
 Ice Form                 Ice/Tmut       6%         N/A       82%         4


Dungeon Overview and Level Annotations

Branches:
Dungeon (2/15)

Altars:

Annotations:
D:2 Sigmund


Innate Abilities, Weirdness & Mutations

You cannot wear most types of armour.
You are amphibious.
You can wear up to eight rings at the same time.
Your skin changes colour to match your surroundings (Stealth+).
Your rubbery body absorbs attacks. (AC +1, EV +1)
((You are camouflaged when in or above water. (Stealth+)))
You have tentacles for arms and can constrict up to eight enemies at once.


Message History

You are too confused!
Unknown command.
You bump into the rock wall.
The goblin shouts!
Sigmund closely misses you. The goblin attacks as you move away!
The goblin barely misses you.
You feel less confused.
Sigmund points at you and mumbles some strange words.
You are confused.
Sigmund attacks as you move away! Sigmund hits you with a +0 scythe.
You bump into the rock wall.
Sigmund hits you from afar with a +0 scythe.
The goblin closely misses you. The goblin attacks as you move away!
The goblin hits you with a +0 dagger.
You barely miss the goblin. The goblin closely misses you.
You bump into the rock wall.
Sigmund casts a spell.
Sigmund flickers and vanishes!
Deactivating autopickup; reactivate with Ctrl-A.
The goblin closely misses you.
You're too confused to move!
Something barely misses you. The goblin barely misses you.
You're too confused to move!
Something hits you!
Ouch! That really hurt!
* * * LOW HITPOINT WARNING * * *
The goblin misses you.
You feel less confused.
It was a potion of resistance.
You feel protected. The goblin hits you with a +0 dagger.
* * * LOW HITPOINT WARNING * * *
It was a potion of curing.
You feel better. Something completely misses you.
The goblin hits you with a +0 dagger.
* * * LOW HITPOINT WARNING * * *
It was a potion of brilliance.
You feel clever all of a sudden. Something hits you.
* * * LOW HITPOINT WARNING * * *
The goblin hits you with a +0 dagger.
You die...

#.##.# ### ##.... #.##..
....# #+# #...## #.... #...#
#######...## ...........#
########....# .#...@g{.....#
#.#.######.#..####
#.................
#.#.##....##..####
#.#.##....# ..# #.#.##....#
.# ###########.#.##....##..#
..............##....+...#
###########.#.##....##..@...


You could see a goblin.

Vanquished Creatures
  A worm (D:2)
  2 endoplasms (D:1)
  3 hobgoblins (D:1)
  A quokka (D:1)
  2 ball pythons
  3 bats (D:1)
  2 kobolds (D:1)
  7 rats (D:1)
21 creatures vanquished.

Notes
Turn   | Place    | Note
-------+----------+-------------------------------------------
     0 | D:1      | junb69 the Octopode Transmuter began the quest for the Orb.
     0 | D:1      | Reached XP level 1. HP: 13/13 MP: 3/3
   167 | D:1      | Reached XP level 2. HP: 18/18 MP: 3/5
   257 | D:1      | Learned a level 2 spell: Call Imp
   862 | D:2      | Reached skill level 4 in Unarmed Combat
   878 | D:2      | Noticed Sigmund
   906 | D:2      | Slain by a goblin

Illustrated notes

Levels and vault maps discovered:
D:1:      minmay_arrival_four_houses, layout_basic, serial_forest,
          infiniplex_forest_straight_2, infiniplex_forest_clump_small,
          infiniplex_forest_straight_1, infiniplex_forest_corner_2,
          infiniplex_forest_zigzag_1, infiniplex_forest_end_1,
          infiniplex_forest_zigzag_1, infiniplex_forest_straight_4
D:2:      layout_basic, uniq_sigmund, uniq_terence

Skill      XL: |  1  2 |
---------------+-------+-----
Unarmed Combat | 4 |  4.0
Fighting       | |  1.0
Dodging        | |  2.0
Spellcasting   | |  2.0
Transmutations | |  2.0

Action                     || total
---------------------------++-------
  Melee: Unarmed           ||    48
         Tentacles         ||    13
         Constrict         ||    12
         Kick              ||     5
         Punch             ||     1
   Cast: Beastly Appendage ||     9
    Use: Potion            ||     3
   Stab: Sleeping          ||     7
 Armour: Skin              ||     6
  Dodge: Dodged            ||    42

Table legend: (Time is in decaauts)
 A = Elapsed time spent in this place.
 B = Non-inter-level travel time spent in this place.
 C = Inter-level travel time spent in this place.
 D = Time resting spent in this place.
 E = Time spent auto-exploring this place.
 F = Levels seen in this place.
 G = Mean time per level.
                   A        B        C        D        E       F      G
               +--------+--------+--------+--------+--------+-----+--------+
         Total |    903 |    883 |     20 |     24 |    631 |   2 |  451.5 |
       Dungeon |    903 |    883 |     20 |     24 |    631 |   2 |  451.5 |
               +--------+--------+--------+--------+--------+-----+--------+

Top non-repeatable levels by time:
     D:1: 778 daAuts
     D:2: 125 daAuts
